 Dungeon Crawl Stone Soup version 0.30-a0-12-gd8047c6341 (webtiles) character file.

Game seed: 10709947230767095994

349 SensoryNuts the Chopper (level 6, -9/47 HPs)
             Began as a Vampire Fighter on Aug 23, 2022.
             Killed from afar by Dowan (14 damage)
             ... with a shard of ice
             ... on level 4 of the Dungeon.
             The game lasted 00:04:50 (2912 turns).

SensoryNuts the Chopper (Vampire Fighter)           Turns: 2912, Time: 00:04:51

Health: -9/47      AC: 10    Str: 15    XL:     6   Next: 33%
Magic:  5/5        EV:  9    Int: 17    God:
Gold:   188        SH: 10    Dex: 15    Spells: 5/5 levels left

rFire   . . .      SeeInvis +    a - +1 war axe
rCold   . . .      Faith    .    c - +0 buckler
rNeg    . . .      Spirit   .    b - +0 scale mail
rPois   .          Reflect  +    (no helmet)
rElec   .          Harm     .    (no cloak)
rCorr   .          Rampage  .    n - +2 pair of gloves
Will    .....                    (no boots)
Stlth   ..........               e - amulet of reflection
HPRegen 0.35/turn                l - +6 ring of intelligence
MPRegen 0.09/turn                (no ring)

@: mighty, lethally poisoned (-9 -> -21), healing quickly
A: alive, fangs 3, see invisible, vampiric 2, low MP 1, noise suppression
a: Exsanguinate


You were on level 4 of the Dungeon.
You visited 1 branch of the dungeon, and saw 4 of its levels.
You also visited: Sewer.

You collected 188 gold pieces.

Inventory:

Hand Weapons
 a - a +1 war axe (weapon)
Armour
 b - a +0 scale mail (worn)
 c - a +0 buckler (worn)
 n - a +2 pair of gloves (worn)
Jewellery
 e - an amulet of reflection (around neck)
 j - an amulet of faith
 l - a +6 ring of intelligence (left hand)
Scrolls
 i - a scroll of teleportation
 m - a scroll of enchant weapon
 p - a scroll of magic mapping
Potions
 d - a potion of might
 f - a potion of ambrosia
 h - 2 potions of mutation
 o - a potion of brilliance


   Skills:
 + Level 3.2 Fighting
 * Level 4.8 Axes
 + Level 3.3 Armour
 + Level 1.2 Dodging
 + Level 0.1 Stealth
 + Level 3.2 Shields


You had 5 spell levels left.
You didn't know any spells.
Your spell library contained the following spells:

 Spells                   Type           Power      Damage    Failure   Level
 Apportation              Tloc           0%         N/A       75%         1
 Necrotise                Necr           0%         1d4       75%         1
 Summon Small Mammal      Summ           0%         N/A       75%         1


Dungeon Overview and Level Annotations

Branches:
Dungeon (4/15)              Sewer (visited)
 Temple: D:4-7

Altars:

Annotations:
D:4 Dowan


Innate Abilities, Weirdness & Mutations

Your natural rate of healing is accelerated.
You have razor-sharp teeth.
You have supernaturally acute eyesight. (SInv)
You are afflicted with vampirism and can become a bat while bloodless.
Your magical capacity is low. (-10% MP)
You passively dampen the noise of your surroundings.


Message History

You block Duvessa's attack.
Unknown command.
You feel better. Duvessa hits you but does no damage.
You are poisoned.
You slash Duvessa!
Duvessa is moderately wounded.
You feel very sick. You block Duvessa's attack.
You slash Duvessa!
Duvessa is heavily wounded.
You feel sick. You block Duvessa's attack.
You slash Duvessa!
Duvessa is almost dead.
You feel sick.
Duvessa hits you with a +2 short sword of venom.
* * * LOW HITPOINT WARNING * * *
You are lethally poisoned!
Duvessa hits you with a +2 short sword of venom.
* * * LOW HITPOINT WARNING * * *
You are more poisoned.
You feel much better.
You feel extremely sick. Duvessa closely misses you.
You slash Duvessa!
You kill Duvessa!
Dowan screams, "No!
No!"
Dowan seems to find hidden reserves of power!
* * * LOW HITPOINT WARNING * * *
You feel extremely sick.
Dowan points at you and mumbles some strange words.
The shard of ice misses you.
You have reached level 6!
You barely miss Dowan. Your bite misses Dowan.
* * * LOW HITPOINT WARNING * * *
You feel very sick. Dowan hits you with a +0 dagger.
* * * LOW HITPOINT WARNING * * *
Dowan gestures at you while chanting. The shard of ice hits you!
You die...

... ###
## ..
### ##
.?# #.#
#.# #.#
#@# #e#
#.# #.#
##.##
##...##
#)...)#
#.....#
#.....#


You could see Dowan (fast).

Vanquished Creatures
  Duvessa (D:4)
  Pargi (Sewer)
  An iguana (D:4)
  Robin (D:3)
  2 adders
  3 worms (D:3)
  5 dart slugs
  9 ball pythons
  7 bats
  6 endoplasms
  3 giant cockroaches
  13 goblins
  4 hobgoblins
  11 jackals
  6 quokkas
  7 frilled lizards
  4 kobolds
  8 rats
  A spectral hobgoblin (D:2)
93 creatures vanquished.

Notes
Turn   | Place    | Note
-------+----------+-------------------------------------------
     0 | D:1      | SensoryNuts the Vampire Fighter began the quest for the
                  | Orb.
     0 | D:1      | Reached XP level 1. HP: 17/17 MP: 1/1
   104 | D:1      | Reached XP level 2. HP: 21/23 MP: 2/2
   187 | D:1      | Reached skill level 2 in Axes
   763 | D:2      | Gained mutation: You are afflicted with vampirism and can
                  | become a bat while bloodless. [Vampire growth]
   763 | D:2      | Reached XP level 3. HP: 23/28 MP: 3/3
   807 | D:2      | Found a faded altar of an unknown god.
  1516 | D:3      | Reached skill level 3 in Axes
  1516 | D:3      | Reached XP level 4. HP: 34/34 MP: 4/4
  1538 | D:3      | Found a glowing drain.
  1561 | Sewer    | Entered a sewer
  1613 | Sewer    | Noticed Pargi
  1625 | Sewer    | Killed Pargi
  1626 | Sewer    | Reached skill level 1 in Dodging
  1626 | Sewer    | Reached XP level 5. HP: 14/41 MP: 5/5
  1829 | Sewer    | Gained mutation: Your magical capacity is low. (-10% MP)
                  | [potion of mutation]
  1829 | Sewer    | Gained mutation: You passively dampen the noise of your
                  | surroundings. [potion of mutation]
  2057 | D:3      | Reached skill level 4 in Axes
  2079 | D:3      | Noticed Robin
  2082 | D:3      | Killed Robin
  2827 | D:4      | Noticed Dowan
  2831 | D:4      | Noticed Duvessa
  2911 | D:4      | Killed Duvessa
  2912 | D:4      | Reached XP level 6. HP: 14/47 MP: 5/5
  2912 | D:4      | Killed from afar by Dowan

Illustrated notes

Levels and vault maps discovered:
D:1:      dpeg_arrival_rooms_c, layout_loops_cross
D:2:      layout_loops_ring, dreamdust_ecumenical_altar_drowned_temple,
          minmay_cupped
D:3:      layout_loops_cross, gup_sewer_entry_bubbles, uniq_robin
D:4:      layout_loops_ring, uniq_crazy_yiuf_cottage, uniq_duvessa

Skill      XL: |  1  2  3  4  5 |
---------------+----------------+-----
Axes           | 2 3 4 |  4.8
Fighting       | 3 |  3.2
Armour         | 3 |  3.3
Dodging        | 1 |  1.2
Shields        | 3 |  3.2
Stealth        | |  0.1

Action                   |  1- 3 |  4- 6 || total
-------------------------+-------+-------++-------
Melee: War axe           |   103 |   161 ||   264
       Bite              |     8 |    12 ||    20
  Use: Scroll            |     5 |     6 ||    11
       Potion            |       |    11 ||    11
Armor: Scale mail        |    72 |    53 ||   125
Dodge: Dodged            |    50 |    74 ||   124
Block: Buckler           |    26 |    81 ||   107
       Reflection        |       |     2 ||     2

Table legend: (Time is in decaauts)
 A = Elapsed time spent in this place.
 B = Non-inter-level travel time spent in this place.
 C = Inter-level travel time spent in this place.
 D = Time resting spent in this place.
 E = Time spent auto-exploring this place.
 F = Levels seen in this place.
 G = Mean time per level.
                   A        B        C        D        E       F      G
               +--------+--------+--------+--------+--------+-----+--------+
         Total |   3086 |   2975 |    111 |      0 |   2165 |   5 |  617.2 |
       Dungeon |   2737 |   2626 |    111 |      0 |   1939 |   4 |  684.2 |
         Sewer |    348 |    348 |      0 |      0 |    225 |   1 |  348.0 |
               +--------+--------+--------+--------+--------+-----+--------+

Top non-repeatable levels by time:
     D:3: 924 daAuts
     D:2: 748 daAuts
     D:1: 732 daAuts
   Sewer: 348 daAuts
     D:4: 332 daAuts
